AoeStats
← PiroTrix

Arabia

509418840Analyzed
1v1 RM · 5d ago on Sep 26, 2026· 35m 36s· 2 players
Game mode
Random Map
Map size
Tiny (2 player)
Population
200
Speed
Normal
Resources
Standard
Victory
Conquest
Starting age
Dark Age
Ending age
Imperial Age
RankedLock teamsTeams togetherTeam positionsShared explorationLock speedFull tech treeHidden civsTurbo modeCheats
Victory
Defeat
🇧🇷 Varangians · Brazil
763
+14
🇨🇱 Franks · Chile
724
-25
PiroTrix
10:37 Feudal Age
11:09 Double-Bit Axe
18:45 Forging
18:37 Padded Archer Armor
18:28 Fletching
20:29 Scale Mail Armor
27:50 Castle Age
26:27 Scale Barding Armor
30:00 Husbandry
30:07 Pikeman
30:48 Squires
35:02 Chain Mail Armor
35:24 Iron Casting
35:10 Chain Barding Armor
BARBARUIVA
8:12 Loom
10:20 Feudal Age
11:06 Double-Bit Axe
12:07 Bloodlines
18:10 Horse Collar
18:23 Gold Mining
23:08 Castle Age
22:23 Scale Barding Armor
22:29 Forging
22:37 Stone Mining
24:54 Husbandry
28:04 Vendel Legacy
30:41 Heavy Plow
30:53 Bow Saw
31:56 Iron Casting
32:47 Chain Barding Armor
34:57 Wheelbarrow
Connection lost

Rejoining the realm…

Still unreachable

The connection could not be restored.

Session expired

The server has moved on; the page needs a fresh start.